 Dungeon Crawl Stone Soup version 0.31-a0-237-g2d982f9f85 (webtiles) character file.

Game seed: 16939538508487732643

31 qw the Shooter (level 3, -2/29 HPs)
             Began as a Minotaur Hexslinger on July 10, 2023.
             Slain by Sigmund
             ... wielding a +0 scythe
              (6 damage)
             ... on level 2 of the Dungeon.
             The game lasted 00:00:26 (1073 turns).

qw the Shooter (Minotaur Hexslinger)                Turns: 1073, Time: 00:00:26

Health: -2/29      AC:  6    Str: 12    XL:     3   Next: 7%
Magic:  3/3        EV: 11    Int: 10    God:
Gold:   88         SH:  0    Dex: 14    Spells: 3/4 levels left

rFire   . . .        Y - +1 sling
rCold   . . .        (no shield)
rNeg    . . .        i - +0 ring mail
rPois   .            (helmet restricted)
rElec   .            e - +0 cloak
rCorr   .            (no gloves)
SInv    .            (no boots)
Will    .....        (no amulet) Stlth
                     (no ring)
HPRegen 0.24/turn    (no ring)
MPRegen 0.08/turn

%: no passive effects
@: confused
A: horns 2, retaliatory headbutt
a: no special abilities


You were on level 2 of the Dungeon.
You visited 1 branch of the dungeon, and saw 2 of its levels.

You collected 88 gold pieces.


Innate Abilities, Weirdness & Mutations

You have a pair of horns on your head.
You reflexively headbutt those who attack you in melee.


   Skills:
 - Level 2.0 Fighting
 + Level 3.6 Ranged Weapons
 - Level 2.1 Dodging
 - Level 1.0 Spellcasting
 - Level 2.0 Hexes


You had 3 spell levels left.
You knew the following spells:

 Your Spells              Type           Power      Damage    Failure   Level
a - Slow                  Hex            16%        N/A       34%         1

Your spell library contained the following spells:

 Spells                   Type           Power      Damage    Failure   Level
 Inner Flame              Hex/Fire       2%         N/A       83%         3
 Portal Projectile        Hex/Tloc       4%         N/A       83%         3
 Cause Fear               Hex            2%         N/A       98%         4

Inventory:

Hand Weapons
 Y - a +1 sling (weapon)
Armour
 e - a +0 cloak (worn)
 i - a +0 ring mail (worn)
Scrolls
 a - 2 scrolls of identify
 b - a scroll of blinking {unknown}
Potions
 c - a potion of ambrosia {unknown}
 h - a potion of magic {unknown}

Dungeon Overview and Level Annotations

Branches:
Dungeon (2/15)

Altars:
Elyvilon

Annotations:
D:2 Sigmund


Message History

You shoot a sling bullet.
The sling bullet hits the giant cockroach.
The giant cockroach is severely wounded.
The giant cockroach bites you but does no damage.
You shoot a sling bullet.
The sling bullet hits the giant cockroach.
You kill the giant cockroach!
Something hits you.
You shoot a sling bullet. Something hits you.
You shoot a sling bullet. Something hits you.
You shoot a sling bullet.
A magic dart appears from out of thin air!
The magic dart hits you.
You shoot a sling bullet. Something hits you but does no damage.
You shoot a sling bullet. Something hits you but does no damage.
You shoot a sling bullet. Something hits you!
You shoot a sling bullet. Something hits you but does no damage.
You shoot a sling bullet. Something hits you.
You shoot a sling bullet. Something hits you but does no damage.
You shoot a sling bullet.
A magic dart appears from out of thin air!
The magic dart hits you.
You shoot a sling bullet. Something hits you but does no damage.
You shoot a sling bullet. Something barely misses you.
You shoot a sling bullet.
You hear some strange, mumbled words.
You are confused.
You shoot a sling bullet. Something hits you.
You die...

#.# #......# #...#
.###. #......# #.#.##
.!.#. #....### #)#..#
#..<# #....# ###.##..
#... #....###.......
#.#.##>.....#.....##
####.#.......#.......#
#.....#...#.####.....#
#.....@.###.####.....#
#.._.%#.# #....#.....#
#....{#.# #....#.#####
#.....#.# #......#
.......... #....###
.......... #....#
................#
......$ ....##### ....


There were no monsters in sight!

Vanquished Creatures
  A dart slug (D:2)
  8 endoplasms
  3 giant cockroaches
  2 goblins
  A quokka (D:1)
  3 ball pythons
  2 bats
  A frilled lizard (D:2)
  3 kobolds
  2 rats
26 creatures vanquished.

Notes
Turn   | Place    | Note
-------+----------+-------------------------------------------
     0 | D:1      | qw the Minotaur Hexslinger began the quest for the Orb.
     0 | D:1      | Reached XP level 1. HP: 16/16 MP: 1/1
     0 | D:1      | 0 ||| qw: Version: 0.3-a-52-g30416fa
     0 | D:1      | 0 ||| qw: Game counter: 5151
     0 | D:1      | 0 ||| qw: Melee chars always use a shield: true
     0 | D:1      | 0 ||| qw: God list: Okawaru
     0 | D:1      | 0 ||| qw: Allow faded altars: false
     0 | D:1      | 0 ||| qw: Do Orc after clearing Dungeon:15 true
     0 | D:1      | 0 ||| qw: Do second Lair branch before Depths: true
     0 | D:1      | 0 ||| qw: Lair rune preference: random
     0 | D:1      | 0 ||| qw: Goals: Normal
     0 | D:1      | 0 ||| PLANNING D:1-11
   210 | D:1      | Reached skill level 3 in Ranged Weapons
   247 | D:1      | Reached XP level 2. HP: 23/23 MP: 2/2
   742 | D:1      | 742 ||| UPGRADING to +0 cloak.
   747 | D:1      | 747 ||| UPGRADING to +0 leather armour.
   757 | D:1      | 757 ||| DROPPING +0 robe.
   758 | D:1      | 758 ||| UPGRADING to +0 ring mail.
   768 | D:1      | 768 ||| DROPPING +0 leather armour.
   769 | D:1      | 769 ||| READING 2 scrolls labelled AGRYXOFU GAUFO.
   770 | D:1      | 770 ||| READING 2 scrolls labelled NUECSA MU DEH.
   771 | D:1      | 771 ||| READING scroll labelled LAJAUMPOCA.
   772 | D:1      | 772 ||| DROPPING scroll of poison.
   773 | D:1      | 773 ||| DROPPING scroll of fog.
   896 | D:2      | Found a faded altar of an unknown god.
  1047 | D:2      | Found a white marble altar of Elyvilon.
  1052 | D:2      | Reached XP level 3. HP: 29/29 MP: 3/3
  1053 | D:2      | Noticed Sigmund
  1067 | D:2      | HP: 5/29 [something (3)]
  1073 | D:2      | Slain by Sigmund

Levels and vault maps discovered:
D:1:      amcnicky_arrival_double_pillar, layout_basic, minmay_pentomino_u4
D:2:      layout_rooms, dreamdust_ecumenical_altar_angels_and_demons,
          basic_altar, uniq_sigmund

Skill      XL: |  1  2 |
---------------+-------+-----
Ranged Weapons | 3 |  3.6
Fighting       | 2 |  2.0
Dodging        | |  2.1
Spellcasting   | |  1.0
Hexes          | |  2.0

Action                     || total
---------------------------++-------
   Fire: Sling             ||   109
    Use: Scroll            ||     3
 Armour: Robe              ||     1
         Ring mail         ||    11
  Dodge: Dodged            ||    22

Table legend:
 A = Non-vault XP
 B = Vault XP
 C = Vault XP percentage of total XP
 D = Non-vault monster count
 E = Vault monster count
 F = Vault count percentage of total count
                 A         B        C        D         E       F
            +---------+---------+-------+---------+---------+-------
      Total |      39 |       6 |  13.3 |      22 |       4 |  15.4
            +---------+---------+-------+---------+---------+-------
        D:1 |      13 |       6 |  31.6 |       8 |       4 |  33.3
        D:2 |      26 |       0 |   0.0 |      14 |       0 |   0.0
            +---------+---------+-------+---------+---------+-------
